 Dungeon Crawl Stone Soup version 0.29.1-1-gd02db6906a (webtiles) character file.

Game seed: 17448274975065616576

441 Zeld the Chopper (level 6, -9/56 HPs)
             Began as a Minotaur Berserker on Oct 19, 2022.
             Was a Priest of Trog.
             Mangled by a gnoll
             ... wielding a +0 halberd
              (12 damage)
             ... on level 5 of the Dungeon.
             The game lasted 00:02:28 (4841 turns).

Zeld the Chopper (Minotaur Berserker)               Turns: 4841, Time: 00:02:28

Health: -9/56      AC:  2    Str: 24    XL:     6   Next: 70%
Magic:  5/5        EV: 12    Int:  4    God:    Trog [***...]
Gold:   207        SH:  0    Dex:  9    Spells: 5/5 levels left

rFire   . . .      SeeInvis .   a - +0 battleaxe
rCold   . . .      Faith    .   (shield currently unavailable)
rNeg    . . .      Spirit   .   b - +0 animal skin
rPois   .          Reflect  .   (helmet restricted)
rElec   .          Harm     .   (no cloak)
rCorr   .          Rampage  .   (no gloves)
Will    ++...                   (no boots)
Stlth   +.........              (no amulet)
HPRegen 1.18/turn               (no ring)
MPRegen 0.09/turn               (no ring)

@: strong-willed, on berserk cooldown, regenerating, slowed, very slow
A: horns 2, retaliatory headbutt
a: Renounce Religion, Berserk, Trog's Hand


You were on level 5 of the Dungeon.
You worshipped Trog.
Trog was most pleased with you.
You visited 1 branch of the dungeon, and saw 5 of its levels.

You collected 207 gold pieces.

Inventory:

Hand Weapons
 a - a +0 battleaxe (weapon)
Armour
 b - a +0 animal skin (worn)
Scrolls
 d - a scroll of enchant weapon {unknown}
 e - a scroll of blinking {unknown}
 g - 4 scrolls of identify {unknown}
 h - 2 scrolls of enchant armour {unknown}
 i - 2 scrolls of teleportation {unknown}
 j - a scroll of amnesia {unknown}
 m - a scroll of butterflies {unknown}
Potions
 c - a potion of attraction {unknown}
 f - a potion of heal wounds {unknown}
 k - 3 potions of brilliance {unknown}
 l - a potion of haste {unknown}
 n - a potion of mutation {unknown}
 o - 2 potions of curing {unknown}
 p - 3 potions of might {unknown}


   Skills:
 + Level 5.2 Fighting
 * Level 6.4 Axes
 + Level 4.3 Armour
 + Level 4.0 Dodging


You had 5 spell levels left.
You didn't know any spells.
Your spell library was empty.

Dungeon Overview and Level Annotations

Branches:
Dungeon (5/15)
 Temple: D:4-7

Altars:
Nemelex Xobeh
Ru
Uskayaw

Shops:
D:3 :


Innate Abilities, Weirdness & Mutations

You have a pair of horns on your head.
You reflexively headbutt those who attack you in melee.


Message History

You feel a strong urge to attack something.
The gnoll shouts!
The gnoll completely misses you.
Unknown command.
You barely miss the ogre. You headbutt the ogre!
You kill the ogre!
Trog accepts your kill.
You slice the gnoll!!
You kill the gnoll!
Trog accepts your kill. The gnoll barely misses you.
Your Fighting skill increases to level 5!
Things that are here:
a +0 giant club; an ogre corpse You slash the gnoll!
You feel the power of Trog in you as your rage grows.
You kill the gnoll!
Trog accepts your kill.
You slash the jelly!
Your hands burn!
* * * LOW HITPOINT WARNING * * *
The jelly hits you.
* * * LOW HITPOINT WARNING * * *
You are splashed with acid!
* * * LOW HITPOINT WARNING * * *
You slash the jelly!
You kill the jelly!
Trog accepts your kill.
Your Dodging skill increases to level 4!
Unknown command.
Okay, then.
You feel a strong urge to attack something.
Okay, then.
You are no longer berserk.
You are exhausted.
You feel yourself slow down.
Your skin crawls.
You feel strong-willed. The gnoll barely misses you.
The gnoll hits you from afar with a +0 halberd!
You die...

..........#
.........####
............
...........
.)........ .#####
#.........
......$###.........
.###...g)@........
.......)#########
#.#.).).#
####.#.....#
..<......).#
.........###
........## ##.
###.....# ######...
........#####......#


You could see a gnoll.

Vanquished Creatures
  An ogre (D:5)
  A jelly (D:5)
  2 iguanas
  10 gnolls
  7 adders
  A worm (D:2)
  5 dart slugs
  6 orcs
  9 endoplasms
  15 giant cockroaches
  5 goblins
  6 hobgoblins
  4 jackals (D:2)
  6 quokkas
  3 ball pythons
  7 bats
  8 frilled lizards
  2 kobolds
  5 rats
103 creatures vanquished.

Vanquished Creatures (others)
  A plant (D:4)
1 creature vanquished.

Grand Total: 104 creatures vanquished

Notes
Turn   | Place    | Note
-------+----------+-------------------------------------------
     0 | D:1      | Zeld the Minotaur Berserker began the quest for the Orb.
     0 | D:1      | Reached XP level 1. HP: 19/19 MP: 0/0
   101 | D:1      | Reached XP level 2. HP: 23/27 MP: 1/1
   150 | D:1      | Reached skill level 4 in Axes
   835 | D:1      | Reached XP level 3. HP: 33/33 MP: 2/2
  1291 | D:2      | Reached ** piety under Trog
  1450 | D:2      | Found a faded altar of an unknown god.
  1844 | D:2      | Reached XP level 4. HP: 34/40 MP: 3/3
  2193 | D:2      | Found a hide-covered altar of Uskayaw.
  2495 | D:3      | Reached skill level 5 in Axes
  2834 | D:3      | Reached XP level 5. HP: 19/47 MP: 4/4
  3123 | D:3      | Found Noladwow's Book Boutique.
  3221 | D:3      | Identified the +0 robe "Urhudgho" {Int+9 Dex-3 Archmagi}
  3502 | D:3      | Reached *** piety under Trog
  4159 | D:4      | Reached XP level 6. HP: 11/55 MP: 5/5
  4566 | D:4      | Found a sacrificial altar of Ru.
  4695 | D:4      | Found a sparkling altar of Nemelex Xobeh.
  4780 | D:5      | Entered Level 5 of the Dungeon
  4808 | D:5      | Reached skill level 6 in Axes
  4835 | D:5      | Reached skill level 5 in Fighting
  4836 | D:5      | HP: 2/84 [acid (7)]
  4841 | D:5      | Mangled by a gnoll

Illustrated notes

Levels and vault maps discovered:
D:1:      nzn_arrival_settlement, layout_basic, minmay_close_crescents
D:2:      minmay_roachtagon, layout_basic, hellmonk_ecumenical_altar_zigzags,
          basic_altar, minmay_lizard_pond
D:3:      layout_basic, serial_shops, shop_fountains
D:4:      layout_cave_pools, mainiacjoe_overflow_alcove_1,
          nicolae_ru_the_path_less_chosen
D:5:      layout_basic

Skill      XL: |  1  2  3  4  5  6 |
---------------+-------------------+-----
Axes           | 4 5 6 |  6.4
Fighting       | 4 5 |  5.2
Armour         | 3 4 |  4.3
Dodging        | 3 4 |  4.0

Action                   |  1- 3 |  4- 6 || total
-------------------------+-------+-------++-------
Melee: Hand axe          |    78 |    22 ||   100
       Headbutt          |     6 |    15 ||    21
       Battleaxe         |       |   107 ||   107
Invok: Berserk           |       |     3 ||     3
       Trog's Hand       |       |     1 ||     1
Armor: Animal skin       |    14 |    16 ||    30
Dodge: Dodged            |    68 |    93 ||   161
